 Dungeon Crawl Stone Soup version bcrawl-1.37.2 (webtiles) character file.

Game seed: 7297950515124423762

136061 Mehrunes the Distorting Demonspawn (level 4, 0/35 HPs)
             Began as a Demonspawn Abyssal Knight on Nov 3, 2022.
             Was a Believer of Lugonu.
             Succumbed to an adder's poison
             ... on level 3 of the Dungeon.
             The game lasted 00:04:53 (2090 turns).

Mehrunes the Distorting Demonspawn (DsAK)           Turns: 2090, Time: 00:04:53

Health: 0/35       AC:  3    Str: 15    XL:     4   Next: 60%
Magic:  6/6        EV: 11    Int: 16    God:    Lugonu [**....]
Gold:   238        SH:  0    Dex: 13    Spells: 3/3 levels left

rFire    . . .     GDR:     27% a - +0 long sword
rCold    . . .     SeeInvis .   (no shield)
rNeg     . . .     Gourm    .   h - -2 ring mail (curse)
rPois    .         Faith    .   (no helmet)
rElec    .         Spirit   .   (no cloak)
rCorr    .         Reflect  .   (no gloves)
MR       .....                  (no boots)
Stlth    +.........             (no amulet)
HPRegen  0.15/turn              (no ring)
MPRegen  0.10/turn              (no ring)

@: brilliant, lethally poisoned (0 -> -1), swift, berserk cooldown, flying,
slowed, slow
A: claws 1, hooves 2
a: Depart the Abyss, Bend Space, Banish, Renounce Religion


You were on level 3 of the Dungeon.
You worshipped Lugonu.
Lugonu was pleased with you.
You were not hungry.

You visited 1 branch of the dungeon, and saw 3 of its levels.
You visited the Abyss 1 time.

You collected 238 gold pieces.

Inventory:

Hand Weapons
 a - a +0 long sword (weapon)
 k - a +0 hunting sling
Missiles
 c - 10 tomahawks of dispersal {=f}
 d - 306 stones (quivered)
 o - 535 sling bullets
Armour
 b - a +0 ring mail
 h - a cursed -2 ring mail (worn)
Scrolls
 f - a scroll of magic mapping
 g - a scroll of enchant weapon
 j - 2 scrolls of teleportation {unknown}
 l - a scroll of fear {unknown}
 n - 3 scrolls of fog
 s - a scroll of noise {unknown}
Potions
 i - a potion of magic
Comestibles
 e - 3 rations {!d}
 r - a chunk of flesh


   Skills:
 + Level 3.5 Fighting
 + Level 2.5 Long Blades
 + Level 0.6(0.9) Slings
 - Level 0.8(1.0) Throwing
 + Level 2.4 Armour
 + Level 1.8 Dodging
 + Level 3.6 Invocations


You had 3 spell levels left.
You didn't know any spells.
Your spell library was empty.

Dungeon Overview and Level Annotations

Branches:
Dungeon (3/12)

Altars:
Ashenzari
Lugonu
Qazlal
Vehumet


Innate Abilities, Weirdness & Mutations

You have sharp fingernails.
You have hoof-like feet.


Message History

You start resting.
You are no longer berserk.
You are exhausted.
You feel yourself slow down.
There is a lethal amount of poison in your body!
There is a lethal amount of poison in your body!
Unknown command.
It was a potion of brilliance.
You feel clever all of a sudden.
* * * LOW HITPOINT WARNING * * *
You feel sick.
Okay, then.
* * * LOW HITPOINT WARNING * * *
You feel sick.
* * * LOW HITPOINT WARNING * * *
You feel sick.
There is a lethal amount of poison in your body!
* * * LOW HITPOINT WARNING * * *
You feel sick.
You die...

......# # ###### .# .#....#
##.#....# #.#
......#.##.#....#####.# #
.#....#...............#.#
......................#.#.#
##..#.#...........$.......
...............%......#
....)...# ##...@.....#
.#.##...#####.#######.#
....#...............#.#
....#...#####.#...#.#.#
....#.........#..##.#.#.#
......................#.#
#####.#.#######...#.###.#
......................#.#
################..#.#.#.#


There were no monsters in sight!

Vanquished Creatures
  A gnoll (D:3)
  4 adders
  3 oozes
  2 worms
  A dart slug (D:3)
  A leopard gecko (D:2)
  An orc (D:2)
  3 bats (D:1)
  2 giant cockroaches
  A goblin (D:2)
  8 hobgoblins
  9 kobolds
  3 quokkas (D:2)
  3 frilled lizards
  A rat (D:2)
43 creatures vanquished.

Notes
Turn   | Place    | Note
-------+----------+-------------------------------------------
     0 | Abyss:1  | Mehrunes the Demonspawn Abyssal Knight began the quest for
                  | the Orb.
     0 | Abyss:1  | Reached XP level 1. HP: 18/18 MP: 2/2
    11 | D:1      | Escaped the Abyss
    58 | D:1      | Reached skill level 1 in Dodging
   623 | D:2      | Gained mutation: You have large cloven feet. [demonic
                  | ancestry]
   623 | D:2      | Reached XP level 2. HP: 24/24 MP: 4/4
   885 | D:2      | Gained mutation: You have hoof-like feet. [demonic
                  | ancestry]
   885 | D:2      | Reached XP level 3. HP: 29/29 MP: 5/5
   994 | D:2      | Found a shattered altar of Ashenzari.
  1009 | D:2      | Found a radiant altar of Vehumet.
  1009 | D:2      | Found a stormy altar of Qazlal.
  1019 | D:2      | Found a corrupted altar of Lugonu.
  1023 | D:2      | Found a glowing silver altar of Zin.
  1769 | D:3      | Reached ** piety under Lugonu
  1824 | D:3      | Gained mutation: You have sharp fingernails. [demonic
                  | ancestry]
  1824 | D:3      | Reached XP level 4. HP: 35/35 MP: 6/6
  2080 | D:3      | HP: 1/35 [poisoned by an adder]
  2087 | D:3      | HP: 1/35 [poisoned by an adder]
  2090 | D:3      | Succumbed to an adder's poison

Skill      XL: |  1  2 |
---------------+-------+-----
Dodging        | 1 |  1.8
Armour         | 2 |  2.4
Long Blades    | 2 |  2.5
Invocations    | 3 |  3.6
Fighting       | |  3.5
Slings         | |  0.6
Throwing       | |  0.8

Action                   |  1- 3 |  4- 6 || total
-------------------------+-------+-------++-------
Melee: Long sword        |   114 |    29 ||   143
       Kick              |    14 |     7 ||    21
Throw: Stone             |     1 |       ||     1
Invok: Bend Space        |       |     1 ||     1
  Use: Scroll            |     3 |       ||     3
       Potion            |       |     4 ||     4
  Eat: Chunk             |     6 |     2 ||     8
Armor: Ring mail         |    41 |     6 ||    47
Dodge: Dodged            |    71 |    19 ||    90
